 Dungeon Crawl Stone Soup version 0.32-a0-543-gefe97123c3 (webtiles) character file.

Game seed: 9902306561648199074

1162 GordonOverkill the Sneak (level 8, 0/46 HPs)
             Began as a Deep Elf Delver on Feb 29, 2024.
             Was an Initiate of Vehumet.
             Slain by an ufetubus (1 damage)
             ... on level 6 of the Dungeon.
             The game lasted 00:13:07 (4938 turns).

GordonOverkill the Sneak (Deep Elf Delver)          Turns: 4938, Time: 00:13:08

Health: 0/46       AC:  5    Str: 12    XL:     8   Next: 17%
Magic:  14/14      EV: 12    Int: 18    God:    Vehumet [......]
Gold:   188        SH:  0    Dex: 16    Spells: 3/13 levels left

rFire   . . .        t - +4 short sword of Littimut {speed, rElec rC+ Str+3 SInv}
rCold   + . .        (no shield)
rNeg    . . .        b - +0 leather armour
rPois   .            (no helmet)
rElec   +            h - scarf {repulsion}
rCorr   .            e - +0 pair of gloves
SInv    +            v - +0 pair of boots
Will    .....        (no amulet)
Stlth   +++          n - +4 ring of slaying
HPRegen 0.27/turn    (no ring)
MPRegen 0.14/turn

%: repel missiles
@: hasted, very quick
A: no striking features
a: Renounce Religion


You were on level 6 of the Dungeon.
You worshipped Vehumet.
Vehumet was noncommittal.
You visited 2 branches of the dungeon, and saw 7 of its levels.

You collected 227 gold pieces.
You spent 39 gold pieces at shops.

Inventory:

Hand Weapons
 a - a +1 spear
 t - the +4 short sword of Littimut (weapon) {speed, rElec rC+ Str+3 SInv}
   (You found it on level 3 of the Dungeon)

   Str+3:     It affects your strength (+3).
   rC+:       It protects you from cold.
   rElec:     It insulates you from electricity.
   SInv:      It lets you see invisible.
Missiles
 s - 2 curare-tipped darts (quivered)
 y - 2 poisoned darts
Armour
 b - a +0 leather armour (worn)
 e - a +0 pair of gloves (worn)
 h - a scarf of repulsion (worn)
 p - a +0 robe
 v - a +0 pair of boots (worn)
Jewellery
 n - a +4 ring of slaying (left hand)
 w - a ring of fire
Wands
 g - a wand of digging (2)
Scrolls
 c - 2 scrolls of fog
 d - a scroll of revelation
 f - a scroll of blinking {unknown}
 k - 3 scrolls of amnesia
 m - 2 scrolls of teleportation
 q - a scroll of enchant weapon
 r - 2 scrolls of poison
 u - a scroll of immolation {unknown}
 x - a scroll of noise {unknown}
Potions
 j - a potion of heal wounds
 l - a potion of resistance
 o - a potion of might


   Skills:
 - Level 3.0 Fighting
 - Level 1.3 Polearms
 - Level 1.0 Throwing
 - Level 2.4 Dodging
 - Level 6.0 Stealth
 - Level 3.0 Spellcasting
 - Level 6.0 Conjurations
 + Level 5.5 Ice Magic
 - Level 5.0 Air Magic


You had 3 spell levels left.
You knew the following spells:

 Your Spells              Type           Power      Damage    Failure   Level
a - Freezing Cloud        Conj/Ice/Air   11%        6-21      52%         5
b - Ensorcelled Hibernat  Hex/Ice        24%        N/A       10%         2
c - Swiftness             Air            20%        N/A       8%          3

Your spell library contained the following spells:

 Spells                   Type           Power      Damage    Failure   Level
 Cigotuvi's Dreadful Rot  Necr/Alch/Air  16%        N/A       16%         2
 Passwall                 Erth           2%         N/A       52%         3
 Ignite Poison            Fire/Alch      2%         N/A       90%         4


Dungeon Overview and Level Annotations

Branches:
Dungeon (6/15)             Temple (1/1) D:5

Altars:
Ashenzari
Cheibriados
Dithmenos
Elyvilon
Gozag
Hepliaklqana
Kikubaaqudgha
Makhleb
Qazlal
Ru
Sif Muna
Trog
Uskayaw
Vehumet
Wu Jian
Xom
Yredelemnul
Zin
The Shining One

Shops:
D:1 =   D:2 !


Message History

* * * LOW HITPOINT WARNING * * *
The black bear misses you.
The black bear claws you but does no damage.
The iguana attacks as it pursues you! The iguana bites you!
* * * LOW HITPOINT WARNING * * *
As you read the scroll of teleportation, it crumbles to dust.
You feel strangely unstable. The iguana closely misses you.
The iguana attacks as it pursues you! The iguana misses you.
Your surroundings suddenly seem different. 2 ufetubi come into view.
Found a stone staircase leading down.
The ufetubus shouts!
The ufetubus closely misses you.
The ufetubus hits you but does no damage.
The ufetubus hits you.
* * * LOW HITPOINT WARNING * * *
The ufetubus barely misses you.
Casting: Freezing Cloud (extremely dangerous; 52% risk of failure)
Confirm with . or Enter, or press ? or * to list all spells.
You can't see any susceptible monsters within range! (Use Z to cast anyway.) Unknown command.
Okay, then.
You feel yourself speed up. The ufetubus misses you. x2
The ufetubus barely misses you.
The ufetubus hits you but does no damage. x2
The ufetubus completely misses you. The ufetubus closely misses you.
The ufetubus barely misses you. The ufetubus attacks as it pursues you!
The ufetubus hits you but does no damage.
The ufetubus hits you.
* * * LOW HITPOINT WARNING * * *
There is a stone staircase leading down, spattered with blood here.
Found a snail-covered altar of Cheibriados.
The ufetubus attacks as it pursues you! The ufetubus hits you.
* * * LOW HITPOINT WARNING * * *
The ufetubus hits you but does no damage.
The ufetubus attacks as it pursues you! The ufetubus hits you.
* * * LOW HITPOINT WARNING * * *
The ufetubus hits you.
You die...

# #### #.#..
##..####......
##.5>........#
#.@5.........#
..................#
#####...................
..#..................
≈≈≈.##.................
≈≈.. #.................
..≈ ..................
_.≈ .............J.!..
.........


You could see 2 ufetubi.

Vanquished Creatures
  A sky beast (D:5)
  A black bear (D:5)
  An ogre (D:5)
  A kobold brigand (D:5)
  4 scorpions
  2 jellies
  2 orc priests
  A bombardier beetle (D:4)
  2 hounds (D:5)
  2 iguanas (D:5)
  A sleepcap (D:5)
  Natasha (thrice) (D:3)
  An orc wizard (D:4)
  11 adders
  A ribbon worm (D:2)
  2 dart slugs
  16 orcs
  4 ball pythons
  4 endoplasms (D:1)
  2 giant cockroaches
  8 goblins
  4 hobgoblins
  6 jackals
  8 kobolds
  4 quokkas
  3 bats
  5 frilled lizards
  4 rats
104 creatures vanquished.

Notes
Turn   | Place    | Note
-------+----------+-------------------------------------------
     0 | D:5      | GordonOverkill the Deep Elf Delver began the quest for the
                  | Orb.
     0 | D:5      | Reached XP level 1. HP: 13/13 MP: 3/3
     3 | D:6      | Noticed a jelly
    11 | D:5      | Noticed an iguana
    31 | D:5      | Noticed an iguana
    38 | D:6      | Noticed a water moccasin
    38 | D:6      | Noticed an iguana
    38 | D:6      | Noticed a jelly
    38 | D:6      | Noticed an ice beast
    38 | D:6      | Noticed an ogre
    63 | D:5      | Noticed a sleepcap
   142 | D:3      | Reached XP level 2. HP: 19/19 MP: 4/4
   178 | D:2      | Reached skill level 1 in Spellcasting
   310 | D:2      | Reached XP level 3. HP: 3/23 MP: 6/8
   431 | D:1      | Found a faded altar of an unknown god.
   753 | D:1      | Found Wuxzim's Jewellery Emporium.
  1103 | D:1      | Reached skill level 1 in Ice Magic
  1302 | D:2      | Found Jafiblup's Distillery.
  1346 | D:2      | Bought a potion of curing for 39 gold pieces
  1451 | D:2      | Learned a level 2 spell: Ensorcelled Hibernation
  1476 | D:2      | Reached XP level 4. HP: 28/28 MP: 10/10
  1954 | D:3      | Noticed Natasha
  1963 | D:3      | Killed Natasha
  1985 | D:3      | Reached skill level 1 in Throwing
  2025 | D:3      | Noticed Natasha
  2045 | D:3      | Killed Natasha
  2046 | D:3      | Reached skill level 1 in Air Magic
  2046 | D:3      | Reached XP level 5. HP: 23/32 MP: 11/11
  2101 | D:3      | Noticed Natasha
  2102 | D:3      | Identified the +4 short sword of Littimut {speed, rElec rC+
                  | Str+3 SInv}
  2106 | D:3      | Killed Natasha
  2339 | D:3      | Reached skill level 1 in Conjurations
  2644 | D:3      | Learned a level 5 spell: Freezing Cloud
  2719 | D:4      | Found a sacrificial altar of Ru.
  2723 | D:4      | Reached XP level 6. HP: 27/37 MP: 12/12
  3304 | D:4      | Found a burning altar of Makhleb.
  3904 | D:5      | Reached XP level 7. HP: 32/41 MP: 13/13
  4252 | D:5      | Reached skill level 5 in Conjurations
  4298 | D:5      | Found a staircase to the Ecumenical Temple.
  4303 | Temple   | Entered the Ecumenical Temple
  4319 | Temple   | Became a worshipper of Vehumet
  4533 | D:5      | Reached skill level 5 in Ice Magic
  4536 | D:5      | Learned a level 2 spell: Ensorcelled Hibernation
  4540 | D:5      | Learned a level 3 spell: Swiftness
  4590 | D:5      | Reached skill level 5 in Air Magic
  4609 | D:5      | Reached XP level 8. HP: 22/46 MP: 14/14
  4938 | D:6      | Found a snail-covered altar of Cheibriados.
  4938 | D:6      | HP: 1/46 [ufetubus (4)]
  4938 | D:6      | Slain by an ufetubus

Illustrated notes

Levels and vault maps discovered:
D:1:      tarquinn_simple_flora_water_f, layout_basic,
          ebering_ecumenical_altar_sacrificial, serial_shops, shop,
          minmay_misc_feat_roman, chequers_serial_rivers_small_b, st_stairs_8
D:2:      layout_basic, serial_shops, shop
D:3:      layout_basic, uniq_natasha
D:4:      layout_loops_ring, mainiacjoe_overflow_small_starburst,
          mainiacjoe_overflow_surrounded_room
D:5:      layout_cave_pools, minmay_temple_entry_gardened_gates
D:6:      layout_cave_pools, mainiacjoe_overflow_paths
Temple:   eino_temple_rhombus

Skill      XL: |  1  2  3  4  5  6  7  8 |
---------------+-------------------------+-----
Fighting       | 3 |  3.0
Spellcasting   | 2 3 |  3.0
Ice Magic      | 2 3 4 5 |  5.5
Throwing       | 1 |  1.0
Air Magic      | 1 3 5 |  5.0
Conjurations   | 2 4 5 6 |  6.0
Polearms       | |  1.3
Dodging        | |  2.4
Stealth        | |  6.0

Action                     |  1- 3 |  4- 6 |  7- 9 || total
---------------------------+-------+-------+-------++-------
  Melee: Spear             |   161 |    36 |       ||   197
         Short sword       |       |   120 |    78 ||   198
  Throw: Dart              |       |     4 |     9 ||    13
   Cast: Ensorcelled Hiber |       |     1 |       ||     1
  Evoke: Wand              |     1 |       |       ||     1
    Use: Scroll            |     2 |     8 |     2 ||    12
         Potion            |     1 |     1 |     1 ||     3
   Stab: Sleeping          |     8 |    12 |     3 ||    23
         Distracted        |       |     1 |       ||     1
 Armour: Leather armour    |    71 |    71 |    66 ||   208
  Dodge: Dodged            |    56 |    60 |    77 ||   193
         Repelled          |     3 |     1 |     1 ||     5

Table legend: (Time is in decaauts)
 A = Elapsed time spent in this place.
 B = Non-inter-level travel time spent in this place.
 C = Inter-level travel time spent in this place.
 D = Time resting spent in this place.
 E = Time spent auto-exploring this place.
 F = Levels seen in this place.
 G = Mean time per level.
                   A        B        C        D        E       F      G
               +--------+--------+--------+--------+--------+-----+--------+
         Total |   4862 |   4698 |    164 |   1436 |   2054 |   7 |  694.6 |
       Dungeon |   4829 |   4695 |    134 |   1436 |   2054 |   6 |  804.8 |
        Temple |     32 |      2 |     30 |      0 |      0 |   1 |   32.0 |
               +--------+--------+--------+--------+--------+-----+--------+

Top non-repeatable levels by time:
     D:4: 1053 daAuts
     D:3: 1030 daAuts
     D:5: 1008 daAuts
     D:2: 869 daAuts
     D:1: 813 daAuts
     D:6: 53 daAuts
  Temple: 32 daAuts
